 Dungeon Crawl Stone Soup version 0.16-a0-2970-ge3807df (webtiles) character file.

15068 MackTheKnife the Destroyer (level 12, -8/69 (70) HPs)
             Began as an Octopode Wizard on Dec 5, 2014.
             Was a Priest of Sif Muna.
             Hit by a large rock thrown by a cyclops (26 damage)
             ... on level 11 of the Dungeon.
             The game lasted 00:58:18 (19729 turns).

MackTheKnife the Destroyer (Octopode Wizard)       Turns: 19729, Time: 00:58:19

HP:   -8/69 (70)    AC:  1    Str:  7    XL:     12   Next: 23%
MP:   28/28         EV: 12    Int: 24    God:    Sif Muna [***...]
Gold: 255           SH:  0    Dex: 11    Spells: 6 memorised, 12 levels left

rFire  + . .     SeeInvis .     a - +2 whip (freeze)
rCold  . . .     Clarity  .     (no shield)
rNeg   . . .     SustAb   .     C - +0 hat
rPois  +         Gourm    .     (no amulet)
rElec  .         Spirit   .     B - ring of poison resistance
rCorr  .         Warding  .     v - ring of protection from fire
rMut   .         Stasis   .     (no ring)
MR     .....                    (no ring)
Stlth  +++++.....               (no ring)
                                (no ring)
                                (no ring)
                                (no ring)

@: not resistant to hostile enchantments, quite stealthy
A: almost no armour, amphibious, 8 rings, constrict 8, camouflage 1, wild magic
1, gelatinous body 1
a: Channel Energy, Forget Spell, Renounce Religion


You were on level 11 of the Dungeon.
You worshipped Sif Muna.
Sif Muna was most pleased with you.
You were not hungry.

You visited 2 branches of the dungeon, and saw 12 of its levels.

You collected 615 gold pieces.
You spent 360 gold pieces at shops.


Innate Abilities, Weirdness & Mutations

You cannot wear most types of armour.
You are amphibious.
You can wear up to eight rings at the same time.
You can use your tentacles to constrict many enemies at once.
Your skin changes colour to match your surroundings (Stealth).
Your rubbery body absorbs attacks (AC +1).
Your spells are a little harder to cast, but a little more powerful.


   Skills:
 + Level 2.0 Fighting
 + Level 3.0 Dodging
 - Level 8.4 Stealth
 - Level 8.5 Spellcasting
 - Level 10.8 Conjurations
 - Level 1.0 Summonings
   Level 1.0 Translocations
 - Level 4.0 Fire Magic
 - Level 10.1 Air Magic
 - Level 6.6 Evocations


You had 12 spell levels left.
You knew the following spells:

 Your Spells              Type           Power        Failure   Level  Hunger
c - Mephitic Cloud        Conj/Pois/Air  ######..     3%          3    None
f - Conjure Flame         Conj/Fire      ######..     3%          3    None
s - Swiftness             Chrm/Air       ######..     4%          2    None
v - Lightning Bolt        Conj/Air       ######....   7%          5    ####...
x - Call Imp              Summ           ###.....     16%         2    None
z - Magic Dart            Conj           ####         1%          1    None

Inventory:

Hand weapons
 a - a +2 whip of freezing (weapon)
 b - a -1 blowgun
 h - a +2 antimagic demon blade
Missiles
 o - 24 stones (quivered)
 D - 9 curare-tipped needles
Armour
 C - a +0 hat (worn)
Jewellery
 i - an uncursed ring of teleport control
 r - an uncursed ring of teleportation
 v - a ring of protection from fire (right tentacle)
 B - a ring of poison resistance (left tentacle)
Magical devices
 g - a wand of cold (3)
 z - a wand of digging (17)
 F - a wand of fireball (4)
Scrolls
 e - 6 scrolls of recharging
 k - 4 scrolls of remove curse
 s - a scroll of teleportation
 u - 2 scrolls of identify
 w - a scroll of magic mapping
 y - a scroll of enchant weapon
Potions
 j - 3 potions of haste
 n - a potion of magic
 p - a potion of agility
 t - a potion of lignification {!q}
 A - 4 potions of restore abilities
 E - 2 potions of brilliance
 H - a potion of resistance
Books
 c - a book of Minor Magic

   Spells                             Type                      Level
   a - Magic Dart                     Conjuration                  1
   b - Blink                          Translocation                2
   c - Call Imp                       Summoning                    2
   d - Repel Missiles                 Charms/Air                   2
   e - Slow                           Hexes                        2
   f - Conjure Flame                  Conjuration/Fire             3
   g - Mephitic Cloud                 Conjuration/Poison/Air       3
 l - a book of Air

   Spells                             Type                      Level
   a - Shock                          Conjuration/Air              1
   b - Swiftness                      Charms/Air                   2
   c - Repel Missiles                 Charms/Air                   2
   d - Flight                         Charms/Air                   3
   e - Static Discharge               Conjuration/Air              3
   f - Lightning Bolt                 Conjuration/Air              5
Comestibles
 d - 10 bread rations
 f - 4 beef jerkies
 m - 6 meat rations

.######........#.###.≈.....≈≈≈≈.≈
.............#.C.....≈.≈≈≈≈≈≈≈≈.≈
.######.####.#.#.####≈.≈≈≈≈≈≈≈≈.≈
.# #.####.#.#(....≈.≈≈≈≈≈≈≈≈<≈ .#
#......#.#.#...(.≈≈≈≈≈≈≈≈.≈
.#############.#.###(≈≈≈≈≈≈≈≈†≈.≈
.)...#......##.#.#.#.≈≈≈≈≈≈≈≈≈≈.≈
####.#.####.##.#.#.#.##########.#
####......#....#x#<#.# #.#
.....#.##.#..###.#.#.# #.#
####.#.##.#..# #.#...# #..
..##.#.......# #.##### ###
#.##.###.##.####.#
#.##.............#
#.#####.###.###### #...........#
........#####


You could see a cyclops.


Message History

Aim: an electric eel The ball explodes into a vile cloud!
The stinking cloud engulfs the electric eel.
The electric eel is engulfed in noxious fumes.
The electric eel appears confused.
The electric eel shoots out a bolt of lightning at you!
The bolt of electricity misses you.
The electric eel shoots out a bolt of lightning at you!
The bolt of electricity hits you!
* * * LOW HITPOINT WARNING * * *
Unknown command.
The electric eel is engulfed in noxious fumes.
The electric eel appears confused.
The electric eel is engulfed in noxious fumes.
The electric eel appears confused.
The electric eel shoots out a bolt of lightning at you!
The bolt of electricity hits you!
* * * LOW HITPOINT WARNING * * *
The electric eel shoots out a bolt of lightning at you!
The bolt of electricity hits you!
* * * LOW HITPOINT WARNING * * *
All of the chunks of flesh in your inventory have rotted away.
A cyclops comes into view.
The cyclops moves out of view.
The cyclops shouts!
The cyclops throws a large rock.
The large rock closely misses you.
The cyclops throws a large rock.
The large rock completely misses you.
You see here 2 large rocks.
The cyclops throws a large rock.
The large rock hits you!!
You die...

Action                   |  1- 3 |  4- 6 |  7- 9 | 10-12 || total
-------------------------+-------+-------+-------+-------++-------
Melee: Unarmed           |     3 |       |     7 |       ||    10
       Dagger            |    32 |     1 |       |       ||    33
       Spear             |       |    56 |    90 |       ||   146
       Demon blade       |       |       |     3 |       ||     3
       Whip              |       |       |   110 |   241 ||   351
Throw: Stone             |       |     6 |       |       ||     6
 Cast: Magic Dart        |    69 |    74 |   189 |   445 ||   777
       Call Imp          |     6 |     2 |     3 |    10 ||    21
       Conjure Flame     |       |    10 |    24 |    49 ||    83
       Mephitic Cloud    |       |     6 |    24 |    81 ||   111
       Lightning Bolt    |       |       |       |     6 ||     6
Evoke: Wand              |       |       |     2 |     6 ||     8
  Use: Scroll            |       |    13 |     7 |    11 ||    31
       Potion            |       |       |     7 |     2 ||     9
 Stab: Sleeping          |       |     5 |     1 |     3 ||     9
       Paralysed         |       |     1 |       |       ||     1
       Confused          |       |       |     3 |     7 ||    10
  Eat: Chunk             |     3 |     5 |    16 |     9 ||    33
       Bread ration      |       |     1 |     1 |     4 ||     6
       Beef jerky        |       |       |     1 |     1 ||     2
       Royal jelly       |       |       |       |     1 ||     1
       Pizza             |       |       |       |     1 ||     1

Vault maps used:
D:1:      sevenhm_arrival_forest_fort_small_3
D:2:      nicolae_ru_great_annihilating_truth, first_bread
D:4:      serial_shops, shop
D:5:      overflow_temple_1_default, minmay_large_rounded_square,
          minmay_misc_feat_chi, wad_floor_pattern_untrapped
D:6:      serial_bayou_pond_d, serial_bayou_pond_b, serial_bayou_lake_a,
          uniq_pikel, uniq_blork_the_orc
D:7:      temple_green, lightli_orcish_oven, uniq_iyjb
D:8:      lemuel_ice_statue, nicolae_overflow_hidden_temple, the_bakery
D:9:      orc_0_dummy, nicolae_gozag_zags_fifth_avenue
D:10:     serial_shops, shop, uniq_sonja, uniq_psyche
D:11:     lemuel_flamethrower_1
Temple:   oiseaux_autumnal_temple_12

Notes
Turn   | Place    | Note
--------------------------------------------------------------
     0 | D:1      | MackTheKnife, the Octopode Wizard, began the quest for the Orb.
     0 | D:1      | Reached XP level 1. HP: 11/11 MP: 4/4
   365 | D:1      | Reached XP level 2. HP: 17/17 MP: 0/6
   425 | D:1      | Learned a level 2 spell: Call Imp
  1305 | D:2      | Reached skill level 2 in Conjurations
  1346 | D:2      | Reached XP level 3. HP: 21/21 MP: 6/8
  1369 | D:2      | Learned a level 3 spell: Conjure Flame
  1918 | D:2      | Reached skill level 1 in Fire Magic
  2004 | D:2      | Found a sacrificial altar of Ru.
  2027 | D:2      | Reached XP level 4. HP: 21/27 MP: 1/10
  2238 | D:2      | Reached skill level 2 in Fire Magic
  2382 | D:3      | Learned a level 3 spell: Mephitic Cloud
  2391 | D:3      | Noticed a sky beast
  2527 | D:3      | Reached skill level 3 in Conjurations
  3237 | D:3      | Reached XP level 5. HP: 31/31 MP: 4/11
  3443 | D:3      | Killed a sky beast
  3443 | D:3      | Reached skill level 4 in Spellcasting
  3443 | D:3      | Reached skill level 3 in Fire Magic
  3443 | D:3      | Reached XP level 6. HP: 20/36 MP: 3/15
  3863 | D:4      | Found Veesucra's Antique Weapon Shop.
  4392 | D:4      | Reached skill level 4 in Conjurations
  4785 | D:4      | Reached skill level 4 in Fire Magic
  4785 | D:4      | Reached XP level 7. HP: 38/41 MP: 7/18
  5214 | D:4      | Reached skill level 1 in Air Magic
  5507 | D:5      | Entered Level 5 of the Dungeon
  5603 | D:5      | Found a bloodstained altar of Trog.
  5802 | D:5      | Reached skill level 5 in Spellcasting
  6910 | D:4      | Bought a glowing demon blade for 360 gold pieces
  7431 | D:5      | Reached skill level 5 in Conjurations
  7431 | D:5      | Reached skill level 2 in Air Magic
  7657 | D:5      | Gained mutation: Your spells are a little harder to cast, but a little more powerful. [potion of beneficial mutation]
  7748 | D:5      | Reached XP level 8. HP: 46/46 MP: 3/20
  8055 | D:6      | Noticed Blork the orc
  8432 | D:6      | Reached skill level 3 in Air Magic
  8749 | D:6      | Noticed Pikel
  8793 | D:6      | Killed Pikel
  8793 | D:6      | Reached skill level 6 in Spellcasting
  8793 | D:6      | Reached skill level 6 in Conjurations
  8793 | D:6      | Reached skill level 4 in Air Magic
  9013 | D:6      | HP: 1/46 [goliath beetle (26)]
  9563 | D:7      | Reached XP level 9. HP: 51/51 MP: 16/23
  9638 | D:7      | Reached skill level 5 in Air Magic
  9660 | D:7      | Noticed Johnny's ghost (experienced DgFE)
 10380 | D:6      | Reached skill level 7 in Conjurations
 10835 | D:7      | Reached skill level 7 in Spellcasting
 10851 | D:7      | Killed Johnny's ghost
 10851 | D:7      | Reached skill level 6 in Air Magic
 10904 | D:7      | Reached skill level 8 in Conjurations
 10909 | D:7      | Reached XP level 10. HP: 40/56 MP: 0/25
 11017 | D:7      | Noticed Ijyb
 11031 | D:7      | Killed Ijyb
 11478 | D:7      | Reached skill level 8 in Spellcasting
 11681 | D:7      | Found a staircase to the Ecumenical Temple.
 11687 | Temple   | Entered the Ecumenical Temple
 11792 | Temple   | Became a worshipper of Sif Muna the Loreminder
 11914 | D:7      | Reached skill level 7 in Air Magic
 12670 | D:8      | Noticed an ice statue
 12893 | D:8      | Noticed Thrillho's ghost (experienced OpBe)
 12907 | D:8      | Killed Thrillho's ghost
 12907 | D:8      | Acquired Sif Muna's first power
 13241 | D:9      | Reached skill level 3 in Stealth
 13241 | D:9      | Reached skill level 1 in Evocations
 13264 | D:9      | Reached skill level 2 in Evocations
 13502 | D:9      | Found Gozag's Platinum Reserve.
 13503 | D:9      | Reached skill level 4 in Stealth
 13629 | D:9      | Found an opulent altar of Gozag.
 13659 | D:9      | Found a staircase to the Orcish Mines.
 13768 | D:9      | Reached skill level 3 in Evocations
 13950 | D:9      | Noticed Thrillho's ghost (experienced OpBe)
 13962 | D:9      | Killed Thrillho's ghost
 13962 | D:9      | Reached skill level 6 in Stealth
 13962 | D:9      | Reached skill level 4 in Evocations
 14256 | D:9      | Reached skill level 5 in Evocations
 14374 | D:9      | Reached XP level 11. HP: 60/60 MP: 10/28
 14485 | D:9      | Reached skill level 7 in Stealth
 14800 | D:10     | Entered Level 10 of the Dungeon
 14985 | D:10     | Noticed a hill giant
 15005 | D:10     | Killed a hill giant
 15005 | D:10     | Reached skill level 8 in Stealth
 15005 | D:10     | Reached skill level 6 in Evocations
 15228 | D:10     | Noticed Sonja
 15239 | D:10     | Killed Sonja
 15339 | D:10     | Learned a level 2 spell: Swiftness
 15345 | D:10     | Learned a level 5 spell: Lightning Bolt
 15896 | D:10     | Noticed Psyche
 15910 | D:10     | Killed Psyche
 15910 | D:10     | Reached skill level 9 in Conjurations
 16000 | D:10     | Found Blukket's Armour Shop.
 16015 | D:10     | Reached skill level 8 in Air Magic
 16475 | D:10     | Noticed a hill giant
 16525 | D:11     | Acquired Sif Muna's second power
 16668 | D:11     | Reached skill level 9 in Air Magic
 16771 | D:11     | Noticed a hill giant
 16803 | D:11     | Killed a hill giant
 16803 | D:11     | Reached skill level 10 in Conjurations
 17090 | D:11     | HP: 3/60 [electric eel/bolt of electricity (12)]
 17964 | D:11     | Found a staircase to the Lair.
 18403 | D:11     | Reached XP level 12. HP: 65/65 MP: 17/28
 18428 | D:11     | Reached skill level 10 in Air Magic
 19308 | D:11     | Reached skill level 1 in Fighting
 19478 | D:10     | Killed a hill giant
 19637 | D:10     | Reached skill level 2 in Fighting
 19637 | D:10     | Reached skill level 3 in Dodging
 19729 | D:11     | Hit by a large rock thrown by a cyclops

Vanquished Creatures
  The ghost of Thrillho the Carver, an experienced OpBe of Trog (D:9)
  3 hill giants
  The ghost of Thrillho the Carver, an experienced OpBe of Trog (D:8)
  Pikel (D:6)
  3 ugly things (D:11)
  The ghost of Johnny the Firebug, an experienced DgFE (D:7)
  A cyclops (D:11)
  Psyche (D:10)
  2 trolls
  Sonja (D:10)
  A spriggan (D:8)
  A water elemental (D:11)
  A wyvern (D:9)
  4 hippogriffs
  23 yaks
  A water moccasin (D:9)
  2 ice beasts
  2 necrophages
  5 orc warriors
  2 yellow wasps (D:11)
  A slave (D:6)
  2 phantoms
  4 sky beasts
  4 centaurs
  4 ogres
  A big kobold (D:9)
  7 giant frogs
  4 jellies
  5 scorpions
  3 killer bees (D:9)
  3 wights (D:11)
  4 goliath beetles
  5 electric eels
  3 giant frog zombies
  2 quasits (D:8)
  A yellow wasp zombie (D:8)
  5 crimson imps
  A hound (D:6)
  9 orc wizards
  6 orc priests
  A giant frog skeleton (D:8)
  3 worker ants
  3 iguanas
  3 sheep (D:11)
  Ijyb (D:7)
  A hound skeleton (D:10)
  2 hound zombies
  A worker ant zombie (D:10)
  4 gnolls (D:6)
  15 adders
  3 shadow imps (D:5)
  2 giant mites
  An adder skeleton (D:6)
  3 giant geckos
  2 oozes
  40 orcs
  2 ball pythons
  A bat skeleton (D:7)
  13 goblins
  14 hobgoblins
  4 jackals
  19 kobolds
  17 bats
  6 giant cockroaches
  7 giant newts
  A giant spore (D:6)
  6 quokkas
  19 rats
  15 ballistomycetes
340 creatures vanquished.

Vanquished Creatures (collateral kills)
  A hungry ghost (D:9)
  A mummy (D:10)
  An adder (D:2)
  An orc (D:8)
  A jackal (D:2)
  A kobold (D:2)
  A rat (D:8)
7 creatures vanquished.

Vanquished Creatures (others)
  A slave (D:6)
  A crimson imp (D:10)
  A worm (D:6)
  2 white imps
  An adder skeleton (D:6)
  3 giant spores
  A goblin (D:6)
  A ballistomycete (D:10)
11 creatures vanquished.

Grand Total: 358 creatures vanquished
